Liza, chaotic female elven Rogue --------- |.......+ ------------- |....<..| #|...........| |.......| #............| ---.-.--- ###--+---------- ################################################### # # ### # ############## # # ### |.. ----.- ### # |.... |....| # #### |.@..... ##-....| --.-- --|----+--- }T.....}| |)...| |...+ |.........| ...}}}.#########|....| |...| |.%..%...%. .}.. #.....| |....###### |%%%...%..| ---- ------ |.).| ----------- |....############# -+-+- Liza the Pilferer Experience level: 11 Strength: 18 Dexterity: 19 Constitution: 16 Intelligence: 11 Wisdom: 13 Charisma: 8 Health: 0(72) Energy: 68(68) Def: 11 Gold: 352 Moves: 24046 Dungeon seed: t8QaQ0_uULxomWgU Game ID: Liza_1525769770 Your Inventory: Coins $ - 352 gold pieces Amulets N - an uncursed amulet of reflection (being worn) Weapons a - the uncursed rustproof +0 Valerian (weapon in hand) d - an uncursed +3 glaive named Glaive of Victory C - 5 uncursed +0 elven daggers L - 2 uncursed +0 elven daggers O - 3 cursed +0 daggers Q - 5 uncursed +2 daggers U - 3 blessed +4 daggers named Dagger of Revenge Armor f - an uncursed +0 elven shield n - an uncursed +0 cloak of displacement (being worn) q - an uncursed very rusty +0 dwarvish iron helm (being worn) y - an uncursed +0 pair of water walking boots (being worn) z - an uncursed +0 elven mithril-coat (being worn) Comestibles m - 3 uncursed lizard corpses Scrolls K - a cursed scroll of create monster Potions M - an uncursed potion of sickness Rings e - an uncursed ring of poison resistance (on left hand) r - an uncursed ring of slow digestion (on right hand) Wands p - an uncursed wand of create monster (0:13) H - an uncursed wand of striking (0:2) S - an uncursed wand of lightning (0:7) V - an uncursed wand of speed monster (0:3) W - an uncursed wand of digging (0:4) Tools b - a blessed bag of holding g - an uncursed blindfold o - an uncursed lock pick u - an uncursed +0 pick-axe B - an uncursed blindfold D - an uncursed mirror P - an uncursed +0 unicorn horn Contents of the bag of holding: 10 uncursed +0 daggers 2 [uncursed] eucalyptus leaves a [uncursed] food ration 3 [uncursed] lembas wafers a [uncursed] sprig of wolfsbane 3 [uncursed] scrolls of blank paper a [uncursed] scroll of confuse monster a cursed scroll of create monster a [uncursed] scroll of earth a [blessed] scroll of enchant weapon a [uncursed] scroll of identify 3 [uncursed] scrolls of light 3 uncursed scrolls of remove curse a [uncursed] scroll of scare monster an uncursed scroll of taming an uncursed scroll of teleportation a [blessed] scroll of water a [uncursed] scroll of water a [uncursed] potion of booze a [uncursed] potion of polymorph a [uncursed] potion of restore ability a cursed ring of aggravate monster a cursed [-1] ring of gain constitution a [uncursed] [+2] ring of protection an uncursed wand of death (0:3) an uncursed wand of enlightenment (0:5) an uncursed wand of light (0:12) an uncursed wand of magic missile (0:3) an uncursed wand of opening (0:3) a blessed wand of sleep (0:5) an uncursed wand of sleep (0:4) an uncursed wand of striking (0:2) an uncursed wand of undead turning (0:7) a blessed wand of undead turning (0:4) an uncursed brass lantern [0:760] a [uncursed] oil lamp [0:1358] a [cursed] tallow candle [0:200] 2 [uncursed] tallow candles [0:200] Spells and supernatural/magical abilities: Name Level Category Fail Memory K - cure sickness 3 healing 100% 20% W - pray for help -- divine ? -- Your skills at the end: Miscellaneous Skills shield [Basic] wands [Basic] stealth [Skilled] Weapon Skills dagger [Expert] short sword [Basic] Spellcasting Skills Final Attributes: You were piously aligned. You were cold resistant. You were sleep resistant. You were poison resistant. Your writing hand was cramped from overuse. You were telepathic. You had automatic searching. You had infravision. You were displaced. You were very stealthy. You could walk on water. You had slower digestion. You were protected. You had reflection. You are dead. Vanquished creatures: a vampire lord a queen bee 2 giant mimics a large mimic a couatl a stalker a hill giant a xorn 2 wargs 4 small mimics a xan an ettin mummy a troll a sasquatch 2 large dogs 2 large cats a tiger a tengu 2 ochre jellies 2 chameleons 2 elf mummies a human mummy a Grey-elf a pit viper 3 wraiths a succubus 5 giant beetles a cockatrice 7 wolves 6 winter wolf cubs 2 black lights a panther 12 leprechauns a quivering blob 3 lizards an orc-captain a giant spider 2 scorpions a horse an ice vortex a forest centaur a gnome king 2 orc mummies a dwarf mummy 3 brown puddings a Green-elf a rust monster a yeti 2 dingos a housecat 2 jaguars a blue jelly 2 water nymphs a gray unicorn a dust vortex 2 ravens 2 gnome mummies 2 rope golems a soldier ant 3 yellow lights 2 baby crocodiles 2 wood nymphs 5 Mordor orcs 10 Uruk-hai 2 orc shamans a rock mole 7 rock piercers 3 ponies 5 fog clouds a shrieker 15 gnome lords 2 gnomish wizards 2 kobold mummies a guardian naga hatchling 3 gray oozes 2 ghouls 8 giant ants a puppy 4 floating eyes 5 kittens 10 dwarves 3 kobold lords 9 iguanas 14 hill orcs 7 rothes 2 rabid rats 2 centipedes 6 jitterbugs 5 giant bats a monkey 10 orc zombies 4 dwarf zombies a wererat 20 killer bees 4 coyotes 2 gas spores 4 hobbits 3 acid blobs 2 large kobolds 13 geckos 3 hobgoblins 2 giant rats 3 cave spiders 2 brown molds 2 yellow molds 3 red molds 52 gnomes 16 garter snakes 15 manes a gnome zombie 24 jackals 3 foxes a kobold 11 newts 5 goblins 9 sewer rats 11 grid bugs 4 bats 8 lichens 2 kobold zombies 493 creatures vanquished. Genocided species: hobbits dwarves bugbears dwarf lords dwarf kings quantum mechanics mind flayers master mind flayers liches demiliches master liches arch-liches disenchanters jellyfish piranhas sharks giant eels electric eels krakens 19 species genocided. Voluntary challenges: You did not cause conflict. You were not invisible. You used a wielded weapon 1044 times, starting on turn 89. You did not use sinks. You read items or engraved 55 times, starting on turn 1015. You genocided 19 types of monsters, starting on turn 8498. You never polymorphed an object. You never changed form. You completed Sokoban on turn 15553, according to the rules. You used no wishes. You split 3 puddings, starting on turn 16439. You wrote Elbereth's name 2 times, starting on turn 4446. You violated your moral code, losing 2 points of alignment, starting on turn 5857. Dungeon overview: The Dungeons of Doom: levels 1 to 15 Level 1 some altars to Mog and Kos, some fountains a long staircase Level 2 (stashed some potion) a scroll shop, some fountains stairs to The Gnomish Mines Level 3 Level 4 (T) a general store, a sink Level 5 (T) Level 6 Level 7 a fountain, a sink Level 8 (T) Level 9 Level 10 (T plus Frost Brand (16000)) a weapon shop stairs to Sokoban Level 11 a fountain, a sink Level 12 Level 13 a fountain Level 14 <- You were here Level 15 The Gnomish Mines: levels 3 to 10 Level 3 stairs to The Dungeons of Doom Level 4 Level 5 many shops, a temple to Issek, a magic chest, some fountains, some trees Level 6 Level 7 Level 8 Level 9 Level 10 a magic chest Sokoban: levels 6 to 9 Level 6 a magic chest Level 7 Level 8 a fountain Level 9 a magic chest stairs to The Dungeons of Doom History has recorded: On T:1 you entered the Dungeons of Doom to retrieve the Amulet of Yendor! On T:213 you reached level 2 of The Dungeons of Doom. On T:241 you reached level 1 of The Gnomish Mines. On T:622 you reached level 3 of The Dungeons of Doom. On T:635 you advanced to experience level 2. On T:970 you reached level 4 of The Dungeons of Doom. On T:971 you advanced to experience level 3. On T:1114 you advanced to experience level 4. On T:1196 you reached level 5 of The Dungeons of Doom. On T:1561 you advanced to experience level 5. On T:1821 you reached level 2 of The Gnomish Mines. On T:1886 you reached level 3 of The Gnomish Mines. On T:1908 you advanced to experience level 6. On T:2123 you entered the Minetown temple On T:2145 you prayed to Kos. On T:2233 you opened a magic chest. On T:2501 you received Valerian from Kos. On T:3215 you reached level 6 of The Dungeons of Doom. On T:3308 you advanced to experience level 7. On T:3476 you prayed to Kos. On T:4135 you reached level 7 of The Dungeons of Doom. On T:4418 you reached level 8 of The Dungeons of Doom. On T:4702 you reached level 9 of The Dungeons of Doom. On T:4742 you advanced to experience level 8. On T:6260 you prayed to Kos. On T:8805 you reached level 10 of The Dungeons of Doom. On T:8913 you reached level 4 of Sokoban. On T:9266 you reached level 11 of The Dungeons of Doom. On T:11383 you reached level 3 of Sokoban. On T:11450 you advanced to experience level 9. On T:12172 you reached level 2 of Sokoban. On T:13529 you reached level 1 of Sokoban. On T:15553 you advanced to experience level 10. On T:15553 you entered the Sokoban zoo. On T:16395 you reached level 4 of The Gnomish Mines. On T:16458 you reached level 5 of The Gnomish Mines. On T:16650 you reached level 6 of The Gnomish Mines. On T:16651 you prayed to Kos. On T:16804 you reached level 7 of The Gnomish Mines. On T:17125 you reached level 8 of The Gnomish Mines. On T:17125 you reached the bottom of the Mines. On T:18810 you reached level 12 of The Dungeons of Doom. On T:19228 you reached level 13 of The Dungeons of Doom. On T:22797 you reached level 14 of The Dungeons of Doom. On T:23808 you reached level 15 of The Dungeons of Doom. On T:23840 you advanced to experience level 11. Score breakdown: Gold: 352 ( 35 points) Experience: 11 levels ( 1000 points) Exploration: 15 levels ( 420 points) Discoveries: 59 items ( 2000 points) Variety of kills: 120 monsters ( 2000 points) Major goal: Sokoban/Mines ( 1500 points) Survival: died (score multiplied by 3) Total score: 20865 Latest messages: The succubus punches you! The succubus misses. You stab the succubus! The succubus misses. The succubus just misses! The yeti strikes at your displaced image and misses you! (3x) You kill the succubus! The troll picks up a melon. The yeti misses the troll. (3x) You stab the troll! The troll claws you! (2x) The troll bites! You are now wielding your Valerian. The troll claws you! (2x) The troll bites! There is a staircase down here. You see here a stalker corpse. The troll claws you! (2x) The troll bites! You die... Final status: Goodbye Liza the Rogue, killed by a troll... You died in The Dungeons of Doom on dungeon level 14 with 20865 points, and 352 pieces of gold, after 24046 moves. You were level 11 with a maximum of 72 hit points when you died.